 Dungeon Crawl Stone Soup version 0.26.0-10-g1f06aea511 (webtiles) character file.

Game seed: 6032982031783368460

35 Borgoz the Slasher (level 3, -2/30 HPs)
             Began as a Ghoul Gladiator on Jan 30, 2021.
             Slain by a large abomination (32 damage)
             ... on level 1 of the Abyss.
             The game lasted 00:02:15 (1114 turns).

Borgoz the Slasher (Ghoul Gladiator)                Turns: 1114, Time: 00:02:16

Health: -2/30      AC:  4    Str: 17    XL:     3   Next: 35%
Magic:  2/2        EV: 27    Int:  3    God:
Gold:   93         SH:  0    Dex: 11    Spells: 2/2 levels left

rFire    . . .     SeeInvis .   b - +1 dagger (venom)
rCold    + . .     Faith    .   (no shield)
rNeg     + + +     Spirit   .   i - +0 leather armour
rPois    ∞         Reflect  .   c - +0 helmet
rElec    .         Harm     .   (no cloak)
rCorr    .         Rampage  .   (no gloves)
Will     .....                  (no boots)
Stlth    +.........             h - amulet of the acrobat
HPRegen  0.00/turn              (no ring)
MPRegen  0.08/turn              (no ring)

@: acrobat
A: claws 1, cold resistance 1, negative energy resistance 3, inhibited
regeneration, torment resistance, unbreathing
a: no special abilities


You were on level 1 of the Abyss.
You visited 1 branch of the dungeon, and saw 2 of its levels.
You visited the Abyss 1 time.

You collected 93 gold pieces.

Inventory:

Hand Weapons
 a - a +0 long sword
 b - a +1 dagger of venom (weapon)
Missiles
 d - 3 throwing nets (quivered)
Armour
 c - a +0 helmet (worn)
 i - a +0 leather armour (worn)
Jewellery
 h - an amulet of the acrobat (around neck)
 l - a +4 ring of slaying {unknown}
Scrolls
 j - a scroll of enchant armour {unknown}
 k - a scroll of identify
 m - a scroll of remove curse {unknown}
Potions
 e - a potion of brilliance
 f - 2 potions of mutation
 g - a potion of magic {unknown}


   Skills:
 + Level 2.6 Fighting
 * Level 3.1 Long Blades
 - Level 1.7 Throwing
 * Level 1.3 Armour
 + Level 2.9 Dodging


You had 2 spell levels left.
You didn't know any spells.
Your spell library was empty.

Dungeon Overview and Level Annotations

Branches:
Dungeon (2/15)

Altars:

Annotations:
D:2 Sigmund


Innate Abilities, Weirdness & Mutations

You thrive by killing the living.
You are immune to poison.
You have sharp fingernails.
Your flesh is cold resistant. (rC+)
You are immune to negative energy. (rN+++)
You do not regenerate when monsters are visible.
You are immune to unholy pain and torment.
You can survive without breathing.


Message History

You hit something but do no damage. Something hits you but does no damage.
You are cast into the Abyss!
To return, you must find a gate leading back.
Killing monsters will force the Abyss to allow you passage.
This branch contains the abyssal rune of Zot.
Reactivating autopickup.
Found a fuming cyan potion, 26 bolts and a condenser vane.
Found a corrupted altar of Lugonu.
You feel much better.
g - a fuming cyan potion
Found 11 gold pieces.
You now have 93 gold pieces (gained 11).
Found a flail.
Found a scroll labelled JEIRUIMYNO.
Found a gateway leading deeper into the Abyss.
m - a scroll labelled JEIRUIMYNO A large abomination comes into view.
The large abomination hits you!!
Ouch! That really hurt!
You die...

. .. #. #..
.#... .#.#
...
..##.####.#
#......@X#
...#.###.#
#.# #.#####
#....)#
###.##.#
##.#..# ##
#..##.#.#.##
#..##.#.
..## #


You could see a large abomination.

Vanquished Creatures
  An ooze (D:1)
  A worm (D:2)
  A leopard gecko (D:1)
  2 giant cockroaches (D:1)
  3 hobgoblins
  5 kobolds
  4 bats (D:1)
  2 frilled lizards (D:1)
  5 goblins
  3 rats (D:1)
27 creatures vanquished.

Notes
Turn   | Place    | Note
-------+----------+-------------------------------------------
     0 | D:1      | Borgoz the Ghoul Gladiator began the quest for the Orb.
     0 | D:1      | Reached XP level 1. HP: 17/17 MP: 0/0
    48 | D:1      | Reached XP level 2. HP: 25/25 MP: 1/1
   272 | D:1      | Reached skill level 3 in Long Blades
   297 | D:1      | Reached skill level 1 in Armour
   593 | D:1      | Reached XP level 3. HP: 30/30 MP: 2/2
   897 | D:2      | Noticed Sigmund
  1053 | D:2      | Cast into level 1 of the Abyss (Sigmund)
  1053 | Abyss:1  | Found a corrupted altar of Lugonu.
  1112 | Abyss:1  | Noticed a large abomination
  1114 | Abyss:1  | Slain by a large abomination

Illustrated notes

Levels and vault maps discovered:
D:1:      dpeg_arrival_fog, layout_loops_corners
D:2:      layout_rooms, uniq_sigmund
Abyss:1:  base:
D:1

Skill      XL: |  1  2 |
---------------+-------+-----
Long Blades    | 3 |  3.1
Armour         | 1 |  1.3
Fighting       | |  2.6
Throwing       | |  1.7
Dodging        | |  2.9

Action                   || total
-------------------------++-------
Melee: Long sword        ||    37
       Dagger            ||    28
  Use: Scroll            ||     3
       Potion            ||     1
Armor: Leather armour    ||    12
Dodge: Dodged            ||    53
       Rpst.: Long sword ||    12
